APP
BRISTOL PIRATES @ CHICAGO (APP) CUBS
10/23/2046
 
TOP OF THE 1ST
Helena Brewers batting - Pitching for Chicago (APP) Cubs : RHP Adam Nielsen
Pitching: RHP Adam Nielsen
Batting: RHB Kevin Wyche 0-0: Hit by Pitch
Batting: SHB Martin Madsen 0-0: Called Strike
0-1: Ball
1-1: Foul Ball, location: 2F
1-2: Fly out, F9 (Line Drive, 9, EV 106.9 MPH)
Batting: LHB Tatsuyoshi Kaji 0-0: Ball
Kevin Wyche steals 2nd base
1-0: Ball
Kevin Wyche steals 3rd, throwing error, E2
Kevin Wyche scores
2-0: Called Strike
2-1: Ball
3-1: Base on Balls
Batting: RHB Ricky Wiernik 0-0: Fly out, F5 (Line Drive, 5, EV 69.4 MPH)
Batting: LHB Tony Howard 0-0: Called Strike
0-1: Ball
1-1: Foul Ball, location: 2F
1-2: Ball
2-2: Ground out 4-3 (Groundball, 34, EV 102.5 MPH)
Top of the 1st over - 1 run, 0 hits, 1 error, 1 left on base; Helena 1 - Chicago (APP) 0
BOTTOM OF THE 1ST
Chicago (APP) Cubs batting - Pitching for Helena Brewers : RHP Ruben Herrera
Pitching: RHP Ruben Herrera
Batting: RHB Chris Petrock 0-0: Foul Ball, location: 2F
0-1: Ball
1-1: Fly out, F8 (Flyball, 8RS, EV 70.6 MPH)
Batting: SHB Eddie Tetzlaff 0-0: Ball
1-0: Foul Ball, location: 2F
1-1: Ball
2-1: Foul Ball, location: 2F
2-2: Strikes out looking
Batting: RHB Jacob Nagle 0-0: Ball
1-0: Ground out U3 (Groundball, 34, EV 78.8 MPH)
Bottom of the 1st over - 0 runs, 0 hits, 0 errors, 0 left on base; Helena 1 - Chicago (APP) 0
TOP OF THE 2ND
Helena Brewers batting - Pitching for Chicago (APP) Cubs : RHP Adam Nielsen
Batting: RHB Jorge Nunez 0-0: Ground out 5-3 (Groundball, 5, EV 83.8 MPH)
Batting: RHB John O'Hearn 0-0: Ball
1-0: Ball
2-0: Foul Ball, location: 2F
2-1: Ball
3-1: Swinging Strike
3-2: Base on Balls
Batting: RHB Juan Alvarez 0-0: Ball
1-0: Ball
2-0: Fly out, F7 (Flyball, 7D, EV 81.3 MPH)
Batting: SHB Ruben Herrera 0-0: Called Strike
0-1: Called Strike
0-2: Ball
1-2: Strikes out looking
Top of the 2nd over - 0 runs, 0 hits, 0 errors, 1 left on base; Helena 1 - Chicago (APP) 0
BOTTOM OF THE 2ND
Chicago (APP) Cubs batting - Pitching for Helena Brewers : RHP Ruben Herrera
Batting: LHB Ryan Cross 0-0: DOUBLE (Groundball, 5L, EV 104.4 MPH)
Batting: RHB Willie Martinez 0-0: Ball
1-0: Foul Ball, location: 2F
1-1: Ball
Wild Pitch!
Ryan Cross to third
2-1: Ball
3-1: Reached on error, E3 (Groundball, 34, EV 103.8 MPH)
Ryan Cross scores
Batting: RHB Casey Snyder 0-0: Foul Ball, location: 2F
0-1: Ball
1-1: Fielders Choice at 2nd, 6-4 (Groundball, 6, EV 90.0 MPH)
Batting: RHB Troy Nichols 0-0: Ball
1-0: Ball
Wild Pitch!
Casey Snyder to second
2-0: Called Strike
2-1: Fly out, F7 (Flyball, 7, EV 95.0 MPH)
Batting: RHB A.J. Moore 0-0: Called Strike
0-1: Ground out 6-3 (Groundball, 6, EV 91.9 MPH)
Bottom of the 2nd over - 1 run, 1 hit, 1 error, 1 left on base; Helena 1 - Chicago (APP) 1
TOP OF THE 3RD
Helena Brewers batting - Pitching for Chicago (APP) Cubs : RHP Adam Nielsen
Batting: RHB Kevin Wyche 0-0: Ball
1-0: Swinging Strike
1-1: Swinging Strike
1-2: Foul Ball, location: 2F
1-2: Ball
2-2: Foul Ball, location: 2F
2-2: Ground out 6-3 (Groundball, 6, EV 89.4 MPH)
Batting: SHB Martin Madsen 0-0: Foul Ball, location: 2F
0-1: Ball
1-1: Foul Ball, location: 2F
1-2: Ball
2-2: Ball
3-2: Base on Balls
Batting: LHB Tatsuyoshi Kaji 0-0: Swinging Strike
Martin Madsen steals 2nd base (no throw)
0-1: Ball
1-1: Ball
2-1: Called Strike
2-2: Ball
3-2: Foul Ball, location: 2F
3-2: Foul Ball, location: 2F
3-2: Base on Balls
Batting: RHB Ricky Wiernik 0-0: Called Strike
0-1: Called Strike
0-2: Fly out, F4 (Popup, 4S, EV 76.3 MPH)
Batting: LHB Tony Howard 0-0: Foul Ball, location: 2F
0-1: Ball
1-1: Called Strike
1-2: Ball
2-2: Ball
3-2: Strikes out swinging
Top of the 3rd over - 0 runs, 0 hits, 0 errors, 2 left on base; Helena 1 - Chicago (APP) 1
BOTTOM OF THE 3RD
Chicago (APP) Cubs batting - Pitching for Helena Brewers : RHP Ruben Herrera
Batting: RHB Adam Nielsen 0-0: Called Strike
0-1: Ball
1-1: Fly out, F7 (Flyball, 7, EV 88.1 MPH)
Batting: RHB Chris Petrock 0-0: Ball
1-0: Foul Ball, location: 2F
1-1: Called Strike
1-2: Ground out 4-3 (Groundball, 34D, EV 107.5 MPH)
Batting: SHB Eddie Tetzlaff 0-0: Ball
1-0: Ground out 5-3 (Groundball, 56S, EV 70.0 MPH)
Bottom of the 3rd over - 0 runs, 0 hits, 0 errors, 0 left on base; Helena 1 - Chicago (APP) 1
TOP OF THE 4TH
Helena Brewers batting - Pitching for Chicago (APP) Cubs : RHP Adam Nielsen
Batting: RHB Jorge Nunez 0-0: Called Strike
0-1: Swinging Strike
0-2: Strikes out looking
Batting: RHB John O'Hearn 0-0: Swinging Strike
0-1: Ball
1-1: Foul Ball, location: 2F
1-2: Ball
2-2: Foul Ball, location: 2F
2-2: Fly out, F8 (Flyball, 8RD, EV 88.8 MPH)
Batting: RHB Juan Alvarez 0-0: Swinging Strike
0-1: Ball
1-1: Foul Ball, location: 2F
1-2: SINGLE (Line Drive, 6MD, EV 96.9 MPH)
Batting: SHB Ruben Herrera 0-0: Foul Ball, location: 2F
0-1: Ball
1-1: Reached on error, E5 (Groundball, 5, EV 81.3 MPH)
Juan Alvarez to second
Batting: RHB Kevin Wyche 0-0: Called Strike
0-1: Ball
1-1: Foul Ball, location: 2F
1-2: Ball
2-2: Foul Ball, location: 2F
2-2: SINGLE (Line Drive, 3D, EV 100.6 MPH)
Juan Alvarez to third
Ruben Herrera to second
Runner from 3rd tries for Home, SAFE, throw by RF to home
Batting: SHB Martin Madsen 0-0: Ball
1-0: Called Strike
1-1: Foul Ball, location: 2F
1-2: Strikes out swinging
Top of the 4th over - 1 run, 2 hits, 1 error, 2 left on base; Helena 2 - Chicago (APP) 1
BOTTOM OF THE 4TH
Chicago (APP) Cubs batting - Pitching for Helena Brewers : RHP Ruben Herrera
Batting: RHB Jacob Nagle 0-0: DOUBLE (Flyball, 78XD, EV 106.3 MPH)
Batting: LHB Ryan Cross 0-0: Ball
Passed Ball!
Jacob Nagle to third
1-0: Ball
2-0: Foul Ball, location: 2F
2-1: Ball
Passed Ball!
Jacob Nagle scores
3-1: Base on Balls
Batting: RHB Willie Martinez 0-0: Ball
1-0: Ball
2-0: Ball
Passed Ball!
Ryan Cross to second
3-0: Base on Balls
Batting: RHB Casey Snyder 0-0: Ball
1-0: Ball
Passed Ball!
Ryan Cross to third
Willie Martinez to second
2-0: Ball
3-0: Called Strike
3-1: SINGLE (Groundball, 4D, EV 94.4 MPH)
Ryan Cross scores
Willie Martinez to third
Batting: RHB Troy Nichols 0-0: SINGLE (Groundball, 6MD, EV 97.5 MPH)
Willie Martinez scores
Casey Snyder to second
Batting: RHB A.J. Moore 0-0: Ball
Wild Pitch!
Casey Snyder to third
Troy Nichols to second
1-0: Ball
2-0: Ground out 5-3 (Groundball, 56S, EV 83.8 MPH)
Casey Snyder scores
Pinch Hitting: RHB Josh Chandler 0-0: Ball
Passed Ball!
Troy Nichols to third
1-0: Ball
2-0: Foul Ball, location: 2F
2-1: Swinging Strike
2-2: Ground out 6-3 (Groundball, 6, EV 100.0 MPH)
Troy Nichols scores
Pitching: LHP Alex Vargas
Batting: RHB Chris Petrock 0-0: Ball
1-0: Called Strike
1-1: Ball
2-1: Ball
3-1: Base on Balls
Batting: SHB Eddie Tetzlaff 0-0: Ball
1-0: Called Strike
1-1: Ball
Chris Petrock steals 2nd base
2-1: Ball
3-1: Called Strike
3-2: Strikes out looking
Bottom of the 4th over - 5 runs, 3 hits, 0 errors, 1 left on base; Helena 2 - Chicago (APP) 6
TOP OF THE 5TH
Helena Brewers batting - Pitching for Chicago (APP) Cubs : RHP Adam Nielsen
Pitching: LHP Kyle Hamilton
Batting: LHB Tatsuyoshi Kaji 0-0: Called Strike
0-1: Called Strike
0-2: Ball
1-2: Strikes out swinging
Batting: RHB Ricky Wiernik 0-0: Fly out, F7 (Flyball, 7LM, EV 78.8 MPH)
Batting: LHB Tony Howard 0-0: Ball
1-0: Ball
2-0: Ball
3-0: Base on Balls
Batting: RHB Jorge Nunez 0-0: Ball
1-0: Ground out 4-3 (Groundball, 34, EV 88.1 MPH)
Top of the 5th over - 0 runs, 0 hits, 0 errors, 1 left on base; Helena 2 - Chicago (APP) 6
BOTTOM OF THE 5TH
Chicago (APP) Cubs batting - Pitching for Helena Brewers : LHP Alex Vargas
Batting: RHB Jacob Nagle 0-0: Ground out 6-3 (Groundball, 6, EV 81.3 MPH)
Batting: LHB Ryan Cross 0-0: Called Strike
0-1: Ball
1-1: Ground out 1-3 (Groundball, 34S, EV 81.3 MPH)
Batting: RHB Willie Martinez 0-0: Ball
1-0: Ball
2-0: Ball
3-0: Called Strike
3-1: Foul Ball, location: 2F
3-2: Ground out 1-3 (Groundball, 13S, EV 66.9 MPH)
Bottom of the 5th over - 0 runs, 0 hits, 0 errors, 0 left on base; Helena 2 - Chicago (APP) 6
TOP OF THE 6TH
Helena Brewers batting - Pitching for Chicago (APP) Cubs : LHP Kyle Hamilton
Batting: RHB John O'Hearn 0-0: Swinging Strike
0-1: Ball
1-1: Fly out, F8 (Flyball, 8LS, EV 83.1 MPH)
Batting: RHB Juan Alvarez 0-0: Ball
1-0: Called Strike
1-1: Called Strike
1-2: Ball
2-2: Fly out, F8 (Line Drive, 8RD, EV 91.9 MPH)
Pinch Hitting: LHB Marshall Licata 0-0: Called Strike
0-1: Ball
1-1: Foul Ball, location: 2F
1-2: Ground out 5-3 (Groundball, 5, EV 85.6 MPH)
Top of the 6th over - 0 runs, 0 hits, 0 errors, 0 left on base; Helena 2 - Chicago (APP) 6
BOTTOM OF THE 6TH
Chicago (APP) Cubs batting - Pitching for Helena Brewers : LHP Alex Vargas
Pitching: RHP Marco Rivas
Batting: RHB Casey Snyder 0-0: SINGLE (Groundball, 6MD, EV 110.0 MPH)
Batting: RHB Troy Nichols 0-0: Foul Ball, location: 2F
0-1: Grounds into double play, 5-4-3 (Groundball, 56S, EV 83.8 MPH)
Batting: RHB A.J. Moore 0-0: Ball
1-0: Swinging Strike
1-1: Foul Ball, location: 2F
1-2: Strikes out swinging
Bottom of the 6th over - 0 runs, 1 hit, 0 errors, 0 left on base; Helena 2 - Chicago (APP) 6
TOP OF THE 7TH
Helena Brewers batting - Pitching for Chicago (APP) Cubs : LHP Kyle Hamilton
Batting: RHB Kevin Wyche 0-0: Foul Ball, location: 2F
0-1: Foul Ball, location: 2F
0-2: Strikes out looking
Batting: SHB Martin Madsen 0-0: Ball
1-0: Ground out 5-3 (Groundball, 56, EV 88.1 MPH)
Batting: LHB Tatsuyoshi Kaji 0-0: Ball
1-0: Called Strike
1-1: Fly out, F7 (Flyball, 7S, EV 80.0 MPH)
Top of the 7th over - 0 runs, 0 hits, 0 errors, 0 left on base; Helena 2 - Chicago (APP) 6
BOTTOM OF THE 7TH
Chicago (APP) Cubs batting - Pitching for Helena Brewers : RHP Marco Rivas
Pinch Hitting: RHB Chad Laramee 0-0: Ball
1-0: Called Strike
1-1: Swinging Strike
1-2: Ground out 6-3 (Groundball, 6M, EV 91.9 MPH)
Batting: RHB Chris Petrock 0-0: Called Strike
0-1: Ball
1-1: Swinging Strike
1-2: Foul Ball, location: 2F
1-2: Foul Ball, location: 2F
1-2: Foul Ball, location: 2F
1-2: Foul Ball, location: 2F
1-2: Ground out 6-3 (Groundball, 6, EV 87.5 MPH)
Batting: SHB Eddie Tetzlaff 0-0: Foul Ball, location: 2F
0-1: Ball
1-1: Fly out, F8 (Flyball, 8RD, EV 101.9 MPH)
Bottom of the 7th over - 0 runs, 0 hits, 0 errors, 0 left on base; Helena 2 - Chicago (APP) 6
TOP OF THE 8TH
Helena Brewers batting - Pitching for Chicago (APP) Cubs : LHP Kyle Hamilton
Pitching: RHP Casey Sessoms
Batting: RHB Ricky Wiernik 0-0: Ball
1-0: Called Strike
1-1: SINGLE (Flyball, 7LS, EV 90.0 MPH)
Batting: LHB Tony Howard 0-0: Called Strike
0-1: Swinging Strike
0-2: Ball
1-2: Ball
2-2: Strikes out swinging
Batting: RHB Jorge Nunez 0-0: Called Strike
0-1: Fly out, F8 (Line Drive, 8RM, EV 104.4 MPH)
Batting: RHB John O'Hearn 0-0: Ball
1-0: Foul Ball, location: 2F
1-1: Called Strike
1-2: Fly out, F6 (Popup, 6MD, EV 51.9 MPH)
Top of the 8th over - 0 runs, 1 hit, 0 errors, 1 left on base; Helena 2 - Chicago (APP) 6
BOTTOM OF THE 8TH
Chicago (APP) Cubs batting - Pitching for Helena Brewers : RHP Marco Rivas
Pitching: RHP Justin Fail
Batting: RHB Jacob Nagle 0-0: Ball
1-0: Ball
2-0: Ball
3-0: Called Strike
3-1: Foul Ball, location: 2F
3-2: Foul Ball, location: 2F
3-2: Base on Balls
Batting: LHB Ryan Cross 0-0: Called Strike
0-1: Ball
1-1: Ball
2-1: Swinging Strike
2-2: Strikes out swinging
Batting: RHB Willie Martinez 0-0: Ball
1-0: SINGLE (Groundball, 6MD, EV 94.4 MPH)
Jacob Nagle to second
Batting: RHB Casey Snyder 0-0: Ball
1-0: Called Strike
1-1: Fielders Choice at 2nd, 4-6 (Groundball, 4, EV 98.8 MPH)
Jacob Nagle to third
Batting: RHB Troy Nichols 0-0: Ball
1-0: Called Strike
1-1: Foul Ball, location: 2F
1-2: Fly out, F4 (Line Drive, 4, EV 66.3 MPH)
Bottom of the 8th over - 0 runs, 1 hit, 0 errors, 2 left on base; Helena 2 - Chicago (APP) 6
TOP OF THE 9TH
Helena Brewers batting - Pitching for Chicago (APP) Cubs : RHP Casey Sessoms
Batting: RHB Juan Alvarez 0-0: Called Strike
0-1: SINGLE (Line Drive, 34D, EV 96.3 MPH)
Pinch Hitting: LHB Steve DuBay 0-0: DOUBLE (Flyball, 8LXD, EV 96.3 MPH)
Juan Alvarez to third
Pitching: LHP Sean Tomasi
Batting: RHB Kevin Wyche 0-0: Ball
Wild Pitch!
Juan Alvarez scores
Steve DuBay to third
1-0: Ball
2-0: Foul Ball, location: 2F
2-1: Ball
Wild Pitch!
Steve DuBay scores
3-1: Fly out, F9 (Flyball, 9LS, EV 83.1 MPH)
Batting: SHB Martin Madsen 0-0: Foul Ball, location: 2F
0-1: Ball
1-1: Ball
2-1: Ball
3-1: Base on Balls
Batting: LHB Tatsuyoshi Kaji 0-0: Ball
1-0: SINGLE (Flyball, 9S, EV 95.0 MPH)
Martin Madsen to second
Pitching: LHP Jeremy Estep
Batting: RHB Ricky Wiernik 0-0: Reached on error, E6 (Groundball, 56, EV 78.8 MPH)
Martin Madsen to third
Tatsuyoshi Kaji to second
Batting: LHB Tony Howard 0-0: Ball
1-0: Called Strike
1-1: Foul Ball, location: 2F
1-2: Strikes out looking
Batting: RHB Jorge Nunez 0-0: Ball
1-0: Fielders Choice at 2nd, 6-4 (Groundball, 6, EV 88.8 MPH)
Top of the 9th over - 2 runs, 3 hits, 1 error, 3 left on base; Helena 4 - Chicago (APP) 6
Tuesday, September 13th , 2022 - OOTP Baseball 23.7 Build 88